 Dungeon Crawl Stone Soup version 0.28-a0-932-g843f935a50 (webtiles) character file.

Game seed: 10381396955562795989

6761 Peloso the Carver (level 10, -1/91 HPs)
             Began as a Minotaur Fighter on Nov 27, 2021.
             Was a High Priest of Okawaru.
             Slain by Snorg (21 damage)
             ... on level 10 of the Dungeon.
             The game lasted 00:16:39 (11718 turns).

Peloso the Carver (Minotaur Fighter)               Turns: 11718, Time: 00:16:40

Health: -1/91      AC: 16    Str: 22    XL:     10   Next: 75%
Magic:  8/9        EV:  4    Int:  5    God:    Okawaru [*****.]
Gold:   460        SH: 14    Dex: 12    Spells: 9/9 levels left

rFire   + . .      SeeInvis .   a - +0 falchion (flame)
rCold   + + .      Faith    .   c - +0 tower shield
rNeg    . . .      Spirit   .   u - +0 plate armour {rPois}
rPois   +          Reflect  .   (helmet restricted)
rElec   .          Harm     .   C - scarf {rC+ rF+}
rCorr   .          Rampage  .   m - +0 pair of gloves
Will    .....                   (no boots)
Stlth   ..........              (no amulet)
HPRegen 0.25/turn               i - ring of protection from cold
MPRegen 0.11/turn               (no ring)

@: no status effects
A: horns 2, retaliatory headbutt
a: Renounce Religion, Heroism, Finesse, Duel


You were on level 10 of the Dungeon.
You worshipped Okawaru.
Okawaru was extremely pleased with you.
You visited 2 branches of the dungeon, and saw 11 of its levels.

You collected 530 gold pieces.
You spent 70 gold pieces at shops.

Inventory:

Hand Weapons
 a - a +0 falchion of flaming (weapon)
 g - a +0 hand crossbow
Armour
 b - a +1 scale mail
 c - a +0 tower shield (worn)
 l - +0 acid dragon scales
 m - a +0 pair of gloves (worn)
 t - a +0 cloak of stealth
 u - a +0 plate armour of poison resistance (worn)
 C - a scarf of resistance (worn)
Jewellery
 i - a ring of protection from cold (left hand)
Wands
 s - a wand of polymorph (18)
 x - a wand of flame (11)
 y - a wand of iceblast (11)
Scrolls
 k - a scroll of teleportation
 p - 2 scrolls of magic mapping
 q - a scroll of immolation
 r - a scroll of enchant armour
 v - a scroll of silence
 A - a scroll of enchant weapon {unknown}
Potions
 d - 5 potions of might
 e - 2 potions of haste {unknown}
 f - 2 potions of flight
 h - 3 potions of heal wounds {unknown}
 j - 5 potions of curing
 n - a potion of attraction {unknown}
 o - 2 potions of brilliance {unknown}
 w - a potion of resistance {unknown}
 z - a potion of ambrosia {unknown}
 B - a potion of berserk rage {unknown}


   Skills:
 + Level 9.5 Fighting
 + Level 11.6 Long Blades
 + Level 11.3 Armour
 + Level 2.2 Dodging
 + Level 1.3 Stealth
 + Level 8.3 Shields
 + Level 0.3 Invocations


You had 9 spell levels left.
You didn't know any spells.
Your spell library contained the following spells:

 Spells                   Type           Power      Damage    Failure   Level
 Apportation              Tloc           0%         N/A       100%        1
 Corpse Rot               Necr/Air       0%         N/A       100%        2
 Ensorcelled Hibernation  Hex/Ice        0%         N/A       100%        2
 Poisonous Vapours        Pois/Air       0%         N/A       100%        2
 Sublimation of Blood     Necr           0%         N/A       100%        2
 Wereblood                Tmut           0%         N/A       100%        2
 Ignite Poison            Fire/Tmut/Pois 0%         N/A       100%        3
 Inner Flame              Hex/Fire       0%         N/A       100%        3
 Mephitic Cloud           Conj/Pois/Air  0%         N/A       100%        3
 Spider Form              Tmut/Pois      0%         N/A       100%        3
 Cause Fear               Hex            0%         N/A       100%        4
 Fulminant Prism          Conj/Hex       0%         3d6       100%        4
 Iskenderun's Mystic Bla  Conj/Tloc      0%         2d3       100%        4
 Alistair's Intoxication  Tmut/Pois      0%         N/A       100%        5
 Freezing Cloud           Conj/Ice/Air   0%         6-21      100%        5
 Lee's Rapid Deconstruct  Erth           0%         3d5*      100%        5
 Eringya's Noxious Bog    Tmut/Pois      0%         N/A       100%        6
 Dragon Form              Tmut           0%         N/A       100%        7
 Discord                  Hex            0%         N/A       100%        8
 Summon Forest            Summ/Tloc      Unusable   N/A       N/A         5
 Summon Hydra             Summ           Unusable   N/A       N/A         7
 Dragon's Call            Summ           Unusable   N/A       N/A         9

Dungeon Overview and Level Annotations

Branches:
Dungeon (10/15)            Temple (1/1) D:4
   Lair: D:8-11         Orc: D:9-12

Altars:
Ashenzari
Cheibriados
Dithmenos
Elyvilon
Fedhas
Gozag
Hepliaklqana
Kikubaaqudgha
Makhleb
Nemelex Xobeh
Okawaru
Qazlal
Ru
Sif Muna
Trog
Uskayaw
Vehumet
Wu Jian
Xom
Yredelemnul
Zin
The Shining One
Beogh

Shops:
D:1 *   D:4 [

Annotations:
D:5 Monete
D:9 1 runed translucent door, bgiannan's ghost, novice PaFi
D:10 Snorg


Innate Abilities, Weirdness & Mutations

You have a pair of horns on your head.
You reflexively headbutt those who attack you in melee.


Message History

You slash Snorg! You burn Snorg.
Snorg is moderately wounded.
Snorg barely misses you. Snorg claws you but does no damage. Snorg claws you!
You hit Snorg. You burn Snorg. Your headbutt misses Snorg.
Snorg is moderately wounded.
You block Snorg's attack. x2; Snorg closely misses you.
Snorg bites you but does no damage. Snorg claws you. Snorg closely misses you.
You slash Snorg! You burn Snorg. You headbutt Snorg!
Snorg is moderately wounded.
Snorg barely misses you. Snorg claws you. Snorg barely misses you.
You slash Snorg! You burn Snorg. Your headbutt misses Snorg.
Snorg is heavily wounded.
Snorg bites you. Snorg claws you! You block Snorg's attack.
You barely miss Snorg.
Snorg is heavily wounded.
You block Snorg's attack. Snorg barely misses you. You block Snorg's attack.
You barely miss Snorg. You headbutt Snorg!
Snorg is heavily wounded.
You block Snorg's attack. Snorg completely misses you.
Snorg closely misses you. x2; You furiously retaliate!
You headbutt Snorg! You block Snorg's attack. x2
You slash Snorg! You burn Snorg. Your headbutt misses Snorg.
Snorg is severely wounded.
You block Snorg's attack. x2; Snorg claws you!
You barely miss Snorg. Your headbutt misses Snorg.
Snorg is severely wounded.
You feel like a meek peon again. Snorg bites you. You block Snorg's attack.
Snorg claws you but does no damage.
You hit Snorg. You burn Snorg. Your headbutt misses Snorg.
Snorg is severely wounded.
You block Snorg's attack. Snorg claws you!
* * * LOW HITPOINT WARNING * * *
Snorg claws you.
* * * LOW HITPOINT WARNING * * *
Snorg bites you.
* * * LOW HITPOINT WARNING * * *
Snorg barely misses you. You block Snorg's attack.
Okay, then.
You feel better. Snorg bites you!!
You die...

#..# #.#### #..#
#..... #..# #.....
#..# #..... #..#
#..... #..####.....
# #...........
#.#######...........
#..@...............>
#.T######.(.........
#.. #........... #..
#........... ...
#........... ....
#........... ##...
#........... #...
#........... .####


You could see Snorg (berserk).

Vanquished Creatures
  A two-headed ogre (D:10)
  A kobold demonologist (D:9)
  Prince Ribbit (D:8)
  A hornet (D:9)
  2 shadows
  9 yaks
  An acid dragon (D:9)
  A water moccasin (D:6)
  Duvessa (D:7)
  4 orc warriors
  3 ice beasts
  A black bear (D:7)
  2 ogres
  3 necrophages
  2 centaurs
  A phantom (D:6)
  3 kobold brigands
  A bullfrog (D:5)
  2 gnoll sergeants
  A water moccasin zombie (D:6)
  A scorpion (D:5)
  Dowan (D:7)
  A water moccasin skeleton (D:5)
  11 wights
  4 killer bees (D:9)
  3 howler monkeys
  A jelly (D:7)
  2 hounds (D:5)
  A bullfrog skeleton (D:7)
  A centaur zombie (D:8)
  A gnoll shaman (D:6)
  4 orc priests (D:9)
  2 iguanas
  3 orc wizards
  A killer bee zombie (D:7)
  2 hound skeletons (D:4)
  A howler monkey zombie (D:5)
  17 gnolls
  9 adders
  3 shadow imps
  2 white imps
  4 worms
  2 dart slugs
  15 orcs
  5 ball pythons
  4 bats
  8 endoplasms
  4 giant cockroaches
  7 goblins
  10 hobgoblins
  3 quokkas
  2 frilled lizards
  23 kobolds
  4 rats
203 creatures vanquished.

Notes
Turn   | Place    | Note
-------+----------+-------------------------------------------
     0 | D:1      | Peloso the Minotaur Fighter began the quest for the Orb.
     0 | D:1      | Reached XP level 1. HP: 19/19 MP: 0/0
   270 | D:1      | Reached XP level 2. HP: 27/27 MP: 1/1
   410 | D:1      | Found Kiyh's General Store.
   861 | D:2      | Reached XP level 3. HP: 23/33 MP: 2/2
  1375 | D:2      | Found a glowing golden altar of the Shining One.
  1488 | D:2      | Reached XP level 4. HP: 40/40 MP: 3/3
  1787 | D:2      | Found a faded altar of an unknown god.
  2142 | D:3      | Reached XP level 5. HP: 47/47 MP: 4/4
  2341 | D:3      | Reached skill level 5 in Armour
  2346 | D:3      | Found a shadowy altar of Dithmenos.
  2940 | D:4      | Found Teutsigg's Antique Armour Boutique.
  3140 | D:4      | Found a staircase to the Ecumenical Temple.
  3157 | D:4      | Reached skill level 1 in Dodging
  3167 | Temple   | Entered the Ecumenical Temple
  3940 | D:1      | Bought a scroll of magic mapping for 35 gold pieces
  3940 | D:1      | Bought a scroll of immolation for 35 gold pieces
  4016 | D:5      | Entered Level 5 of the Dungeon
  4051 | D:5      | Reached skill level 5 in Fighting
  4051 | D:5      | Reached skill level 5 in Long Blades
  4051 | D:5      | Reached XP level 6. HP: 56/56 MP: 5/5
  4273 | D:5      | Found an iron altar of Okawaru.
  4276 | D:5      | Became a worshipper of Warmaster Okawaru
  4305 | D:5      | Reached XP level 7. HP: 37/61 MP: 6/6
  4641 | D:5      | Found a shimmering altar of Xom.
  4989 | D:6      | Reached * piety under Okawaru
  5236 | D:6      | Reached XP level 8. HP: 39/70 MP: 7/7
  5702 | D:6      | Reached ** piety under Okawaru
  6035 | D:6      | Reached skill level 5 in Shields
  6692 | D:7      | Reached XP level 9. HP: 25/77 MP: 5/8
  7001 | D:7      | Reached *** piety under Okawaru
  7108 | D:7      | Noticed Duvessa
  7119 | D:7      | Killed Duvessa
  7126 | D:7      | Noticed Dowan
  7129 | D:7      | Killed Dowan
  7281 | D:7      | Found an opulent altar of Gozag.
  7621 | D:7      | Found a blossoming altar of Fedhas.
  8018 | D:8      | Reached skill level 1 in Stealth
  8145 | D:8      | Found a sparkling altar of Nemelex Xobeh.
  8166 | D:8      | Noticed Prince Ribbit
  8190 | D:8      | Killed Prince Ribbit
  8226 | D:8      | Reached skill level 10 in Long Blades
  8323 | D:8      | Reached **** piety under Okawaru
  8590 | D:8      | Reached skill level 10 in Armour
  8604 | D:8      | Reached XP level 10. HP: 71/90 MP: 9/9
 10076 | D:9      | Noticed a sixfirhy
 10920 | D:9      | Reached ***** piety under Okawaru
 11149 | D:9      | Found a runed translucent door.
 11150 | D:9      | Found a shimmering altar of Xom.
 11150 | D:9      | Noticed bgiannan's ghost (novice PaFi)
 11150 | D:9      | Noticed a +1 quarterstaff of chaos
 11437 | D:10     | Entered Level 10 of the Dungeon
 11465 | D:10     | Found a radiant altar of Vehumet.
 11465 | D:10     | Found an ornate altar of the Wu Jian Council.
 11465 | D:10     | Noticed a two-headed ogre
 11473 | D:10     | Killed a two-headed ogre
 11700 | D:10     | Noticed Snorg
 11718 | D:10     | Slain by Snorg

Illustrated notes

Levels and vault maps discovered:
D:1:      wander_arrival_fairy_ring, layout_basic, serial_shops,
          nicolae_shop_temple_entry_statues_fountains, minmay_crystal_water
D:2:      layout_basic, basic_altar, hellmonk_ecumenical_altar_defaced_shrine,
          minmay_misc_feat_rows
D:3:      layout_basic, grunt_dithmenos_smoke_and_mirrors
D:4:      layout_basic, minmay_temple_entry_drinking_statues, serial_shops,
          shop_statue
D:5:      lemuel_ice_spiral_2, layout_rooms, general_overflow_altar,
          kennysheep_mini_moat, hangedman_decor_riveting,
          kennysheep_generic_room_8
D:6:      layout_basic
D:7:      layout_loops_corners, lemuel_tele_altar, fedhas_altar_2,
          grunt_ministairs_10, dk_vineyard_3, uniq_duvessa
D:8:      layout_rooms, amcnicky_altar_gilded, uniq_prince_ribbit1
D:9:      layout_stronghold, ebering_ghost_xom, chequers_serial_rivers_room_a,
          kennysheep_generic_room_3
D:10:     layout_long_grid, gammafunk_temple_overflow_pools, eino_jars,
          uniq_snorg, uniq_joseph
Temple:   jpeg_temple_clearing

Skill      XL: |  1  2  3  4  5  6  7  8  9 10 |
---------------+-------------------------------+-----
Armour         | 4 5 6 7 8 10 11 | 11.3
Fighting       | 4 5 6 8 9 |  9.5
Shields        | 4 5 7 8 |  8.3
Long Blades    | 3 4 5 6 7 8 10 11 | 11.6
Dodging        | 1 2 |  2.2
Stealth        | 1 |  1.3
Invocations    | |  0.3

Action                   |  1- 3 |  4- 6 |  7- 9 | 10-12 || total
-------------------------+-------+-------+-------+-------++-------
Melee: Long sword        |    79 |   115 |       |       ||   194
       Headbutt          |    11 |    28 |    77 |    43 ||   159
       Falchion          |       |    30 |   369 |   214 ||   613
Invok: Heroism           |       |       |     1 |     5 ||     6
  Use: Scroll            |     3 |     2 |     3 |     2 ||    10
       Potion            |       |       |     1 |     1 ||     2
Armor: Scale mail        |    35 |    10 |       |       ||    45
       Chain mail        |       |    51 |    19 |       ||    70
       Plate armour      |       |       |   168 |    92 ||   260
Dodge: Dodged            |    27 |    54 |    96 |    62 ||   239
Block: Buckler           |    13 |    25 |    75 |    43 ||   156
       Tower shield      |       |       |       |    67 ||    67

Table legend: (Time is in decaauts)
 A = Elapsed time spent in this place.
 B = Non-inter-level travel time spent in this place.
 C = Inter-level travel time spent in this place.
 D = Time resting spent in this place.
 E = Time spent auto-exploring this place.
 F = Levels seen in this place.
 G = Mean time per level.
                   A        B        C        D        E       F      G
               +--------+--------+--------+--------+--------+-----+--------+
         Total |  11695 |  11310 |    385 |    260 |   8936 |  11 | 1063.2 |
       Dungeon |  11484 |  11099 |    385 |    260 |   8768 |  10 | 1148.4 |
        Temple |    211 |    211 |      0 |      0 |    168 |   1 |  211.0 |
               +--------+--------+--------+--------+--------+-----+--------+

Top non-repeatable levels by time:
     D:9: 2540 daAuts
     D:6: 1609 daAuts
     D:2: 1473 daAuts
     D:7: 1435 daAuts
     D:5: 909 daAuts
     D:8: 861 daAuts
     D:3: 822 daAuts
     D:4: 818 daAuts
     D:1: 733 daAuts
    D:10: 279 daAuts
  Temple: 211 daAuts
